 Dungeon Crawl Stone Soup version 0.25-a0-285-gcba6f664f8 (webtiles) character file.

Game seed: 8402446302383673946, levelgen mode: deterministic

205 floatRand the Ruffian (level 5, -6/40 (41) HPs)
             Began as a Ghoul Warper on Dec 11, 2019.
             Mangled by a hobgoblin
             ... wielding a +2 falchion of electrocution
              (9 damage)
             ... on level 3 of the Dungeon.
             The game lasted 00:02:06 (2471 turns).

floatRand the Ruffian (Ghoul Warper)                Turns: 2471, Time: 00:02:07

HP:   -6/40 (41)    AC:  3    Str: 15    XL:     5   Next: 83%
MP:   6/6           EV: 12    Int:  8    God:
Gold: 87            SH:  0    Dex: 13    Spells: 7/7 levels left

rFire    . . .     SeeInvis .     - Unarmed
rCold    + + +     Gourm    .   (no shield)
rNeg     + + +     Faith    .   h - +0 leather armour {rC+}
rPois    ∞         Spirit   .   (no helmet)
rElec    .         Reflect  .   (no cloak)
rCorr    .         Harm     .   (no gloves)
MR       .....                  (no boots)
Stlth    +.........             k - amulet of the acrobat
HPRegen  0.00/turn              p - +4 ring of dexterity
MPRegen  0.10/turn              i - ring of protection from cold

@: rotting
A: rotting body, claws 1, carnivore, cold resistance 1, negative energy
resistance 3, inhibited regeneration, torment resistance, unbreathing
a: no special abilities


You were on level 3 of the Dungeon.
You were not hungry.

You visited 1 branch of the dungeon, and saw 3 of its levels.

You collected 87 gold pieces.

Inventory:

Missiles
 d - 5 boomerangs of dispersal (quivered)
Armour
 a - a +0 leather armour
 h - a +0 leather armour of cold resistance (worn)
Jewellery
 i - a ring of protection from cold (right claw)
 k - an amulet of the acrobat (around neck)
 p - a +4 ring of dexterity (left claw)
Scrolls
 b - 2 scrolls of remove curse {unknown}
 c - 2 scrolls of blinking
 e - 3 scrolls of identify {unknown}
 g - 2 scrolls of magic mapping {unknown}
 m - a scroll of teleportation {unknown}
 n - a scroll of amnesia {unknown}
Potions
 j - 2 potions of might
 l - 3 potions of flight {unknown}
Comestibles
 f - 3 rations


   Skills:
 - Level 2.1 Fighting
 - Level 0.8 Throwing
 + Level 2.8 Armour
 - Level 1.7 Dodging
 * Level 5.4 Unarmed Combat
 - Level 1.7 Spellcasting
   Level 2.6 Translocations


You had 7 spell levels left.
You didn't know any spells.
Your spell library contained the following spells:

 Spells                   Type           Power        Failure   Level  Hunger
 Blink                    Tloc           N/A          22%         2    ###....
 Shroud of Golubria       Chrm/Tloc      #.....       36%         2    ###....
 Gell's Gravitas          Tloc           #.........   41%         3    ####...
 Lesser Beckoning         Tloc           #.........   41%         3    ####...
 Teleport Other           Tloc           #.......     41%         3    ####...
 Passage of Golubria      Tloc           N/A          83%         4    #####..


Dungeon Overview and Level Annotations

Branches:
Dungeon (3/15)

Altars:


Innate Abilities, Weirdness & Mutations

Your body is rotting away.
You thrive on raw meat.
You are immune to poison.
You have sharp fingernails.
You are carnivorous and can eat meat at any time.
Your flesh is cold resistant. (rC+)
You are immune to negative energy. (rN+++)
You do not regenerate when monsters are visible.
You are immune to unholy pain and torment.
You can survive without breathing.


Message History

You scratch the wight but do no damage. You claw the wight, but do no damage.
The wight is severely damaged.
The giant cockroach waves its antennae.
The wight hits you but does no damage.
You claw the wight!
You destroy the wight!
A wight comes into view. It is wielding a +3 spear.
You closely miss the hobgoblin.
The hobgoblin hits you but does no damage.
You are electrocuted!!
Ouch! That really hurt!
* * * LOW HITPOINT WARNING * * *
Unknown command.
You barely miss the hobgoblin. Your claw misses the hobgoblin.
The hobgoblin hits you but does no damage.
Unknown command.
The hobgoblin hits you with a +2 falchion of electrocution.
* * * LOW HITPOINT WARNING * * *
You are electrocuted!
You die...

## .# .#
###.###
#.....#
..#.####.....#
....z.sg[....#
#...####@....#
. #.....#
##..###
######..#
#.......##
#.####...#
#.#.# #.#.#
#.#.#


You could see a wight, a giant cockroach and a hobgoblin.

Vanquished Creatures
  2 wights
  An orc priest (D:3)
  A worker ant (D:2)
  2 adders (D:2)
  2 worms (D:2)
  A dart slug (D:1)
  A leopard gecko (D:2)
  An orc (D:3)
  3 giant cockroaches
  4 goblins
  6 hobgoblins
  7 jackals (D:1)
  5 bats (D:1)
  3 frilled lizards
  5 kobolds
  4 rats
48 creatures vanquished.

Notes
Turn   | Place    | Note
-------+----------+-------------------------------------------
     0 | D:1      | floatRand the Ghoul Warper began the quest for the Orb.
     0 | D:1      | Reached XP level 1. HP: 17/17 MP: 2/2
   127 | D:1      | Reached skill level 1 in Armour
   158 | D:1      | Reached XP level 2. HP: 21/24 MP: 3/3
   374 | D:1      | Reached skill level 3 in Unarmed Combat
   784 | D:1      | Reached XP level 3. HP: 25/29 MP: 4/4
  1424 | D:2      | Reached skill level 4 in Unarmed Combat
  1424 | D:2      | Reached XP level 4. HP: 5/34 MP: 5/5
  2153 | D:3      | Reached XP level 5. HP: 30/41 MP: 6/6
  2307 | D:2      | Reached skill level 5 in Unarmed Combat
  2471 | D:3      | Mangled by a hobgoblin

Levels and vault maps discovered:
D:1:      psy_arrival_basics, layout_loops_corners
D:2:      layout_rooms
D:3:      layout_loops_ring, first_ration

Skill      XL: |  1  2  3  4  5 |
---------------+----------------+-----
Armour         | 1 2 |  2.8
Unarmed Combat | 3 4 5 |  5.4
Fighting       | |  2.1
Throwing       | |  0.8
Dodging        | |  1.7
Spellcasting   | |  1.7
Translocations | |  2.6

Action                   |  1- 3 |  4- 6 || total
-------------------------+-------+-------++-------
Melee: Unarmed           |   119 |    72 ||   191
       Punch             |     5 |     5 ||    10
  Eat: Chunk             |     4 |     4 ||     8
Armor: Leather armour    |    39 |     7 ||    46
Dodge: Dodged            |    83 |    26 ||   109

Table legend:
 A = Non-vault XP
 B = Vault XP
 C = Vault XP percentage of total XP
 D = Non-vault monster count
 E = Vault monster count
 F = Vault count percentage of total count
                 A         B        C        D         E       F
            +---------+---------+-------+---------+---------+-------
      Total |     293 |       0 |   0.0 |      48 |       0 |   0.0
            +---------+---------+-------+---------+---------+-------
        D:1 |      46 |       0 |   0.0 |      28 |       0 |   0.0
        D:2 |     142 |       0 |   0.0 |      15 |       0 |   0.0
        D:3 |     105 |       0 |   0.0 |       5 |       0 |   0.0
            +---------+---------+-------+---------+---------+-------
